 Dungeon Sprint DCSS version 0.27-a0-1256-gced786f65e (webtiles) character file.

Game seed: 6246545897312473196

46 rocky1 the Shield-Bearer (level 3, -4/31 HPs)
             Began as a Minotaur Fighter on June 11, 2021.
             Slain by Crazy Yiuf
             ... wielding a +4 quarterstaff of chaos
              (6 damage)
             ... in the Dungeon (Sprint III: "The Ten Rune Challenge").
             The game lasted 00:00:36 (88 turns).

rocky1 the Shield-Bearer (Minotaur Fighter)           Turns: 88, Time: 00:00:36

Health: -4/31      AC:  6    Str: 21    XL:     3   Next: 44%
Magic:  2/2        EV:  8    Int:  5    God:
Gold:   7          SH: 10    Dex:  9    Spells: 2/2 levels left

rFire    . . .     SeeInvis .   a - +0 long sword
rCold    . . .     Faith    .   c - +0 kite shield
rNeg     . . .     Spirit   .   b - +0 scale mail
rPois    .         Reflect  .   (helmet restricted)
rElec    .         Harm     .   (no cloak)
rCorr    .         Rampage  .   (no gloves)
Will     .....     NoTele   +   (no boots)
Stlth    ..........             (no amulet)
HPRegen  0.10/turn              (no ring)
MPRegen  0.08/turn              (no ring)

@: lethally poisoned (-4 -> -8), on berserk cooldown, slowed, very slow
A: horns 2, retaliatory headbutt
a: no special abilities


You were in the Dungeon.
You visited 1 branch You collected 7 gold pieces.

Inventory:

Hand Weapons
 a - a +0 long sword (weapon)
Armour
 b - a +0 scale mail (worn)
 c - a +0 kite shield (worn)
Scrolls
 j - a scroll of blinking
Potions
 d - a potion of might
 e - a potion of curing
 f - a potion of heal wounds
 g - a potion of haste
 h - 2 potions of magic


   Skills:
 - Level 3.6 Fighting
 + Level 6.3 Long Blades
 - Level 3.6 Armour
 + Level 6.9 Shields


You had 2 spell levels left.
You didn't know any spells.
Your spell library was empty.

Dungeon Overview and Level Annotations

Branches:
Dungeon (1/1)

Altars:

Annotations:
D Crazy Yiuf


Innate Abilities, Weirdness & Mutations

You have a pair of horns on your head.
You reflexively headbutt those who attack you in melee.


Message History

The human hits you.
You barely miss the human.
The human is moderately wounded.
The human closely misses you.
You slash the human!
The human is severely wounded.
The human hits you but does no damage.
You hit the human.
The human is severely wounded.
The human hits you but does no damage.
You slash the human!
You kill the human!
Your Long Blades skill increases to level 6!
You have reached level 3!
Your experience leads to an increase in your attributes!
Increase (S)trength, (I)ntelligence, or (D)exterity?
You feel stronger.
You feel a strong urge to attack something.
Crazy Yiuf the Enlightened comes into view.
He is wielding a +4 quarterstaff of chaos and wearing a +0 cloak of willpower.
Crazy Yiuf shouts!
You are no longer berserk.
You are exhausted.
You feel yourself slow down.
Crazy Yiuf hits you with a +4 quarterstaff of chaos!
You are lethally poisoned!
You hit Crazy Yiuf.
Crazy Yiuf is moderately wounded.
You feel extremely sick. You block Crazy Yiuf's attack. x2
You closely miss Crazy Yiuf. You headbutt Crazy Yiuf!
Crazy Yiuf is severely wounded.
* * * LOW HITPOINT WARNING * * *
You feel very sick. Crazy Yiuf barely misses you.
You block Crazy Yiuf's attack.
You hit Crazy Yiuf.
Crazy Yiuf is severely wounded.
* * * LOW HITPOINT WARNING * * *
You feel very sick.
Crazy Yiuf hits you with a +4 quarterstaff of chaos.
You die...

▓...#......##
▓..##....†..# ..#
▓##.##.##...# ..#
##.##.###..# #..#
▓#.####.##).# ...+
▓.###..##..## #...#
▓#..†..##..###....#
###..##...##.....#
##..##....#.@g...#
#..###..##.#.....#
#..# #.. ####....#
▓▓▓▓ ▓▓▓ ▓▓▓▓▓


You could see Crazy Yiuf.

Vanquished Creatures
  Jessica (D)
  A human (D)
  3 rats (D)
5 creatures vanquished.

Notes
Turn   | Place    | Note
-------+----------+-------------------------------------------
     0 | D        | rocky1 the Minotaur Fighter began the quest for the Orb.
     0 | D        | Reached XP level 1. HP: 19/19 MP: 0/0
    36 | D        | Noticed Jessica
    39 | D        | Killed Jessica
    40 | D        | Reached skill level 5 in Long Blades
    40 | D        | Reached XP level 2. HP: 23/26 MP: 1/1
    83 | D        | Reached XP level 3. HP: 31/31 MP: 2/2
    84 | D        | Noticed Crazy Yiuf
    88 | D        | Slain by Crazy Yiuf

Illustrated notes

Levels and vault maps discovered:
D:        dungeon_sprint_mu [sprint_mu_entry_cave, sprint_mu_temple_rooms,
          sprint_mu_d1_horrors, sprint_mu_d2_genie, sprint_mu_d3_branching,
          sprint_mu_orc_legion, sprint_mu_elf_gauntlet, sprint_mu_hive_nellie,
          sprint_mu_lair_fedhas, sprint_mu_vaults_butterflies,
          sprint_mu_slime_circle, sprint_mu_shoals_kraken,
          sprint_mu_snake_twists, sprint_mu_blade_basic,
          sprint_mu_crypt_fortress, sprint_mu_tomb_spiral,
          sprint_mu_vestibule_basic, sprint_mu_gehenna_hellfire,
          sprint_mu_dis_giant, sprint_mu_tartarus_statrot,
          sprint_mu_cocytus_islands, sprint_mu_zot1]

Skill      XL: |  1  2 |
---------------+-------+-----
Long Blades    | 5 6 |  6.3
Shields        | 6 |  6.9
Fighting       | |  3.6
Armour         | |  3.6

Action                   || total
-------------------------++-------
Melee: Long sword        ||    15
       Headbutt          ||     2
  Use: Potion            ||     1
Armor: Scale mail        ||     2
Dodge: Dodged            ||     5
Block: Kite shield       ||     7
       Rpst.: Long sword ||     2

Table legend: (Time is in decaauts)
 A = Elapsed time spent in this place.
 B = Non-inter-level travel time spent in this place.
 C = Inter-level travel time spent in this place.
 D = Time resting spent in this place.
 E = Time spent auto-exploring this place.
 F = Levels seen in this place.
 G = Mean time per level.
                   A        B        C        D        E       F      G
               +--------+--------+--------+--------+--------+-----+--------+
         Total |     90 |     90 |      0 |     24 |      0 |   1 |   90.0 |
       Dungeon |     90 |     90 |      0 |     24 |      0 |   1 |   90.0 |
               +--------+--------+--------+--------+--------+-----+--------+

Top non-repeatable levels by time:
       D: 90 daAuts
